 Dungeon Crawl Stone Soup version 0.30-a0-54-g2e61a25929 (webtiles) character file.

Game seed: 7491928107988882563

94 Newt the Shooter (level 4, -1/29 HPs)
             Began as a Kobold Hunter on Sept 7, 2022.
             Was an Initiate of Hepliaklqana.
             Slain by Pargi (2 damage)
             ... on level 3 of the Dungeon.
             The game lasted 00:02:46 (2961 turns).

Newt the Shooter (Kobold Hunter)                    Turns: 2961, Time: 00:02:47

Health: -1/29      AC:  5    Str:  8    XL:     4   Next: 94%
Magic:  4/4        EV: 15    Int: 10    God:    Hepliaklqana [......]
Gold:   131        SH:  0    Dex: 20    Spells: 3/3 levels left

rFire   . . .      SeeInvis .    a - +0 shortbow
rCold   . . .      Faith    .    (shield currently unavailable)
rNeg    . . .      Spirit   .    c - +0 leather armour
rPois   .          Reflect  .    (no helmet)
rElec   .          Harm     .    (no cloak)
rCorr   .          Rampage  .    (no gloves)
Will    .....                    g - +1 pair of boots
Stlth   +++.......               (no amulet)
HPRegen 0.09/turn                (no ring)
MPRegen 0.09/turn                (no ring)

@: mighty, brilliant, attractive, studying Maces & Flails
A: small, no large weapons, nightstalker 3, deterioration 1, subdued magic 1,
sturdy frame 1
a: Renounce Religion


You were on level 3 of the Dungeon.
You worshipped Hepliaklqana.
Hepliaklqana was noncommittal.
You visited 1 branch of the dungeon, and saw 3 of its levels.

You collected 131 gold pieces.

Inventory:

Hand Weapons
 a - a +0 shortbow (weapon)
 k - a +1 vampiric dagger
Armour
 c - a +0 leather armour (worn)
 g - a +1 pair of boots (worn)
Scrolls
 b - a scroll of immolation
 d - 2 scrolls of identify {unknown}
 e - 2 scrolls of teleportation
 l - a scroll of enchant armour {unknown}
 m - 2 scrolls of fog {unknown}
Potions
 f - 2 potions of mutation
 n - a potion of curing {unknown}


   Skills:
 - Level 4.0 Fighting
 + Level 6.6 Ranged Weapons
 - Level 2.4 Dodging
 - Level 1.3 Stealth


You had 3 spell levels left.
You didn't know any spells.
Your spell library contained the following spells:

 Spells                   Type           Power      Damage    Failure   Level
 Apportation              Tloc           0%         N/A       34%         1
 Beastly Appendage        Tmut           0%         N/A       34%         1
 Wereblood                Tmut           0%         N/A       47%         2
 Portal Projectile        Hex/Tloc       0%         N/A       73%         3
 Spider Form              Tmut/Pois      0%         N/A       73%         3
 Tukima's Dance           Hex            0%         N/A       73%         3
 Blade Hands              Tmut           0%         N/A       100%        5


Dungeon Overview and Level Annotations

Branches:
Dungeon (3/15)

Altars:
Hepliaklqana

Annotations:
D:3 1 runed translucent door, Pargi; SirDiesAlot's ghost, amateur MiFi


Innate Abilities, Weirdness & Mutations

You are small and have problems with some larger weapons.
You are completely attuned to the shadows.
Your body sometimes deteriorates upon taking damage.
Your spells are a little easier to cast, but a little less powerful.
Your movements are slightly less encumbered by armour. (ER -2)


Message History

Pargi closely misses you.
Fire: a) +0 shortbow
Press: ? - help, Shift-Dir - straight line, f/p - Pargi
Aim: Pargi (lightly wounded, 61% to hit)
You shoot an arrow. The arrow hits Pargi!
Pargi is moderately wounded.
Pargi completely misses you. Pargi misses you. x2
Unknown command.
Fire: a) +0 shortbow
Press: ? - help, Shift-Dir - straight line, f/p - Pargi
Aim: Pargi (moderately wounded, 61% to hit)
You shoot an arrow. The arrow hits Pargi.
Pargi is heavily wounded.
Pargi bites you but does no damage. Pargi claws you but does no damage.
Pargi completely misses you.
Fire: a) +0 shortbow
Press: ? - help, Shift-Dir - straight line, f/p - Pargi
Aim: Pargi (heavily wounded, 61% to hit)
You shoot an arrow. The arrow hits Pargi.
Pargi is severely wounded.
Pargi bites you but does no damage. Pargi completely misses you.
Pargi claws you but does no damage.
Fire: a) +0 shortbow
Press: ? - help, Shift-Dir - straight line, f/p - Pargi
Aim: Pargi (severely wounded, 61% to hit)
You shoot an arrow. The arrow barely misses Pargi.
Pargi bites you but does no damage. Pargi barely misses you. x3
Pargi closely misses you. Pargi barely misses you.
Unknown command.
Fire: a) +0 shortbow
Press: ? - help, Shift-Dir - straight line, f/p - Pargi
Aim: Pargi (heavily wounded, 61% to hit)
You shoot an arrow. The arrow closely misses Pargi.
Pargi bites you.
* * * LOW HITPOINT WARNING * * *
Pargi barely misses you. Pargi claws you.
* * * LOW HITPOINT WARNING * * *
It was a potion of attraction.
You feel attractive to monsters. Pargi bites you.
You die...

....[#
#.............#
..##.#
############.^#
.....# ### #..#
..#### ########...
.... ..## #.
....<#..... ....
.... #.##
#####.#....## ..##
.... #....#.......
....
....##.###.#....#
####
....T@.###...#.####
#
....##...[.........
.. ....
#.###.###.####.#.
#.## #.# #.#
#>####.#. #.
##.###.# #........
###...##.#
####.....
....#....# #.......
###...##.# #.#.....
.....###.# #.#.....


You could see Pargi.

Vanquished Creatures
  Robin (D:2)
  An adder (D:2)
  2 dart slugs
  7 ball pythons
  4 endoplasms
  A giant cockroach (D:2)
  17 hobgoblins
  3 jackals (D:1)
  A quokka (D:1)
  2 bats
  A frilled lizard (D:1)
  13 goblins
  6 kobolds
  5 rats
64 creatures vanquished.

Vanquished Creatures (others)
  3 fungi (D:2)
  A plant (D:2)
4 creatures vanquished.

Grand Total: 68 creatures vanquished

Notes
Turn   | Place    | Note
-------+----------+-------------------------------------------
     0 | D:1      | Newt the Kobold Hunter began the quest for the Orb.
     0 | D:1      | Reached XP level 1. HP: 12/12 MP: 1/1
    75 | D:1      | Reached XP level 2. HP: 10/19 MP: 2/2
  1003 | D:1      | Reached XP level 3. HP: 23/23 MP: 3/3
  1692 | D:2      | Found a faded altar of an unknown god.
  1700 | D:2      | Got Plato's Dissertation on Peregrination
  1955 | D:2      | Reached XP level 4. HP: 29/29 MP: 4/4
  2025 | D:2      | Noticed Robin
  2030 | D:2      | Killed Robin
  2031 | D:2      | Reached skill level 6 in Ranged Weapons
  2182 | D:2      | Found a hazy altar of Hepliaklqana.
  2228 | D:2      | Became a worshipper of Hepliaklqana the Forgotten
  2894 | D:3      | Found a runed translucent door.
  2894 | D:3      | Noticed SirDiesAlot's ghost (amateur MiFi)
  2938 | D:3      | Noticed Pargi
  2952 | D:3      | Gained mutation: Your spells are a little easier to cast,
                  | but a little less powerful. [potion of mutation]
  2952 | D:3      | Gained mutation: Your body sometimes deteriorates upon
                  | taking damage. [potion of mutation]
  2952 | D:3      | Gained mutation: Your movements are slightly less
                  | encumbered by armour. (ER -2) [potion of mutation]
  2960 | D:3      | HP: 1/29 [Pargi (1)]
  2961 | D:3      | Slain by Pargi

Illustrated notes

Levels and vault maps discovered:
D:1:      zelgadis_glass_arrival_small, layout_loops_cross,
          chequers_serial_rivers_micro_b
D:2:      layout_loops_ring, basic_altar, shapermc_ecumenical_altar_rom_forum,
          uniq_robin
D:3:      layout_loops_ring, gammafunk_temple_overflow_claw,
          hellmonk_ghost_happy_afterlife, st_stairs_6, uniq_pargi

Skill      XL: |  1  2  3  4 |
---------------+-------------+-----
Fighting       | 3 4 |  4.0
Ranged Weapons | 6 |  6.6
Dodging        | |  2.4
Stealth        | |  1.3

Action                   |  1- 3 |  4- 6 || total
-------------------------+-------+-------++-------
 Fire: Shortbow          |    76 |    87 ||   163
  Use: Potion            |       |     4 ||     4
       Scroll            |       |     1 ||     1
Armor: Leather armour    |     9 |    30 ||    39
Dodge: Dodged            |    40 |    59 ||    99

Table legend: (Time is in decaauts)
 A = Elapsed time spent in this place.
 B = Non-inter-level travel time spent in this place.
 C = Inter-level travel time spent in this place.
 D = Time resting spent in this place.
 E = Time spent auto-exploring this place.
 F = Levels seen in this place.
 G = Mean time per level.
                   A        B        C        D        E       F      G
               +--------+--------+--------+--------+--------+-----+--------+
         Total |   3006 |   2939 |     67 |    670 |   1939 |   3 | 1002.0 |
       Dungeon |   3006 |   2939 |     67 |    670 |   1939 |   3 | 1002.0 |
               +--------+--------+--------+--------+--------+-----+--------+

Top non-repeatable levels by time:
     D:1: 1526 daAuts
     D:2: 992 daAuts
     D:3: 487 daAuts
